General information
- name: BNet
- type: Ladder team game (AT/RT)
- host: Battle.net
- saver: DanielCormier
map: BlastedLands
- players: 8
- length: 22:16
- speed: Fast
- version: 1.30 W3XP
- replay type: Public
» download(285 KB)
Players
team 1 (winner)
SiNiStER (
red | 73 APM | 1624 actions | 22:16)
6 Archmage
3 Summon Water Elemental
2 Brilliance Aura
1 Mass Teleport
3 Mountain King
2 Thunder Clap
1 Bash
» actions
| Assign group hotkey | 43 | |
| Basic commands | 111 | |
| Build / train | 75 | |
| Enter build submenu | 25 | |
| Enter hero's abilities submenu | 9 | |
| Right click | 894 | |
| Select / deselect | 312 | |
| Select group hotkey | 70 | |
| Use ability | 85 | |
1624 total
» units
| Peasant | 15 | |
| Footman | 5 | |
| Knight | 11 | |
| Mortar Team | 5 | |
36 total
» upgrades
| Lumber Harvesting | 1 | |
| Plating | 3 | |
| Animal War Training | 1 | |
| Fragmentation Shards | 1 | |
| Gunpowder | 2 | |
| Swords | 1 | |
| Flare | 1 | |
10 total
» buildings
| Altar of Kings | 1 | |
| Farm | 10 | |
| Barracks | 2 | |
| Scout Tower | 6 | |
| Arcane Vault | 2 | |
| Arcane Tower | 2 | |
| Keep | 1 | |
| Town Hall | 2 | |
| Lumber Mill | 1 | |
| Guard Tower | 2 | |
| Blacksmith | 1 | |
| Castle | 1 | |
| Arcane Sanctum | 1 | |
| Workshop | 1 | |
33 total
» build order
00:31 Altar of Kings
00:51 Farm
00:55 Barracks
01:20 Farm
01:36 Scout Tower
01:46 Farm
01:49 Arcane Vault
02:13 Arcane Tower
03:58 Keep
04:06 Town Hall
04:07 Scout Tower
04:08 Scout Tower
04:09 Scout Tower
04:16 Lumber Mill
04:48 Arcane Tower
04:56 Farm
05:05 Farm
05:19 Guard Tower
05:25 Blacksmith
05:46 Guard Tower
06:18 Barracks
06:46 Castle
09:14 Arcane Vault
09:56 Arcane Sanctum
10:03 Workshop
10:12 Farm
10:13 Farm
11:33 Farm
12:11 Farm
13:18 Farm
16:26 Town Hall
22:11 Scout Tower
22:15 Scout Tower
» items
| Scroll of Regeneration | 3 | |
| Orb of Fire | 1 | |
| Potion of Healing | 2 | |
| Potion of Mana | 2 | |
| Scroll of Town Portal | 2 | |
| Lesser Clarity Potion | 2 | |
12 total
Mitch. (
orange | 90 APM | 2004 actions | 22:16)
7 Death Knight
3 Death Coil
2 Unholy Aura
1 Animate Dead
1 Death Pact
7 Lich
3 Frost Nova
3 Dark Ritual
1 Death and Decay
» actions
| Assign group hotkey | 2 | |
| Basic commands | 12 | |
| Build / train | 52 | |
| Enter build submenu | 19 | |
| Enter hero's abilities submenu | 14 | |
| Give item / drop item | 1 | |
| Remove unit from queue | 1 | |
| Right click | 1374 | |
| Select / deselect | 221 | |
| Select group hotkey | 244 | |
| Use ability | 64 | |
2004 total
» units
| Acolyte | 3 | |
| Ghoul | 3 | |
| Crypt Fiend | 5 | |
| Frost Wyrm | 10 | |
21 total
» upgrades
| Creature Attack | 2 | |
| Creature Carapace | 1 | |
| Freezing Breath | 1 | |
| Web | 1 | |
5 total
» buildings
| Crypt | 1 | |
| Graveyard | 1 | |
| Ziggurat | 9 | |
| Altar of Darkness | 1 | |
| Tomb of Relics | 1 | |
| Halls of the Dead | 1 | |
| Black Citadel | 1 | |
| Sacrificial Pit | 1 | |
| Boneyard | 3 | |
19 total
» build order
00:09 Crypt
00:13 Graveyard
00:40 Ziggurat
01:02 Altar of Darkness
01:23 Tomb of Relics
02:14 Ziggurat
02:51 Halls of the Dead
04:15 Ziggurat
05:18 Black Citadel
05:43 Sacrificial Pit
06:06 Ziggurat
07:05 Ziggurat
07:10 Ziggurat
07:40 Boneyard
07:46 Boneyard
08:00 Boneyard
10:40 Ziggurat
10:46 Ziggurat
13:24 Ziggurat
» items
| Rod of Necromancy | 2 | |
| Potion of Healing | 2 | |
| Scroll of Town Portal | 2 | |
6 total
NarcissistTrump (
green | 30 APM | 678 actions | 22:16)
2 Dreadlord
1 Vampiric Aura
1 Carrion Swarm
» actions
| Basic commands | 10 | |
| Build / train | 62 | |
| Enter build submenu | 27 | |
| Enter hero's abilities submenu | 2 | |
| Right click | 417 | |
| Select / deselect | 126 | |
| Use ability | 34 | |
678 total
» units
| Acolyte | 6 | |
| Ghoul | 11 | |
| Gargoyle | 21 | |
38 total
» upgrades
| Creature Carapace | 2 | |
| Creature Attack | 1 | |
| Stone Form | 1 | |
4 total
» buildings
| Graveyard | 1 | |
| Tomb of Relics | 1 | |
| Ziggurat | 13 | |
| Crypt | 3 | |
| Nerubian Tower | 2 | |
| Altar of Darkness | 1 | |
| Spirit Tower | 9 | |
| Halls of the Dead | 1 | |
| Necropolis | 4 | |
| Black Citadel | 2 | |
37 total
» build order
00:23 Graveyard
00:35 Tomb of Relics
00:48 Ziggurat
01:35 Crypt
01:44 Crypt
01:59 Ziggurat
02:09 Ziggurat
02:33 Nerubian Tower
03:04 Nerubian Tower
03:20 Altar of Darkness
03:41 Spirit Tower
04:33 Halls of the Dead
05:02 Ziggurat
05:13 Ziggurat
05:22 Ziggurat
05:30 Ziggurat
05:55 Spirit Tower
05:55 Spirit Tower
06:06 Spirit Tower
06:07 Spirit Tower
06:52 Necropolis
07:03 Spirit Tower
07:13 Spirit Tower
07:13 Spirit Tower
07:13 Spirit Tower
09:22 Necropolis
10:10 Black Citadel
10:10 Black Citadel
13:08 Necropolis
13:14 Ziggurat
13:21 Ziggurat
17:46 Crypt
18:08 Necropolis
18:26 Ziggurat
18:32 Ziggurat
18:39 Ziggurat
18:46 Ziggurat

»
T-bAG! (
yellow | 47 APM | 1053 actions | 22:16)
6 Death Knight
3 Death Coil
2 Unholy Aura
1 Animate Dead
4 Crypt Lord
2 Carrion Beetles
2 Spiked Carapace
» actions
| Basic commands | 26 | |
| Build / train | 90 | |
| Enter build submenu | 16 | |
| Enter hero's abilities submenu | 10 | |
| Give item / drop item | 1 | |
| Right click | 587 | |
| Select / deselect | 261 | |
| Use ability | 62 | |
1053 total
» units
| Acolyte | 18 | |
| Ghoul | 3 | |
| Crypt Fiend | 25 | |
| Obsidian Statue | 9 | |
| Meatwagon | 1 | |
56 total
» upgrades
| Creature Attack | 3 | |
| Creature Carapace | 3 | |
| Web | 1 | |
7 total
» buildings
| Graveyard | 1 | |
| Crypt | 2 | |
| Altar of Darkness | 1 | |
| Ziggurat | 6 | |
| Tomb of Relics | 1 | |
| Halls of the Dead | 2 | |
| Necropolis | 1 | |
| Slaughterhouse | 1 | |
| Spirit Tower | 4 | |
| Black Citadel | 2 | |
21 total
» build order
00:24 Graveyard
00:29 Crypt
00:49 Altar of Darkness
01:06 Ziggurat
01:28 Ziggurat
02:07 Tomb of Relics
03:48 Halls of the Dead
03:48 Halls of the Dead
05:53 Necropolis
06:06 Ziggurat
06:32 Ziggurat
08:20 Slaughterhouse
09:52 Spirit Tower
09:52 Spirit Tower
13:34 Ziggurat
13:36 Ziggurat
13:40 Crypt
16:01 Spirit Tower
16:01 Spirit Tower
19:52 Black Citadel
19:52 Black Citadel
» items
| Rod of Necromancy | 1 | |
| Scroll of Town Portal | 2 | |
3 total
team 2 (loser)
DanielCormier (
blue | 154 APM | 3439 actions | 22:16)
6 Far Seer
3 Feral Spirit
2 Chain Lighting
1 Earth Quake
4 Shadow Hunter
2 Hex
2 Healing Wave
» actions
| Assign group hotkey | 50 | |
| Basic commands | 317 | |
| Build / train | 91 | |
| ESC pressed | 1 | |
| Enter build submenu | 13 | |
| Enter hero's abilities submenu | 10 | |
| Give item / drop item | 2 | |
| Remove unit from queue | 3 | |
| Right click | 1342 | |
| Select / deselect | 841 | |
| Select group hotkey | 657 | |
| Use ability | 112 | |
3439 total
» units
| Peon | 11 | |
| Troll Headhunter/Berserker | 21 | |
| Wind Rider | 8 | |
40 total
» upgrades
| Troll Regeneration | 1 | |
| Ranged Weapons | 3 | |
| Berserker Upgrade | 1 | |
| Armor | 3 | |
8 total
» buildings
| Altar of Storms | 1 | |
| War Mill | 2 | |
| Barracks | 1 | |
| Orc Burrow | 3 | |
| Voodoo Lounge | 1 | |
| Stronghold | 1 | |
| Great Hall | 1 | |
| Fortress | 1 | |
| Tauren Totem | 1 | |
| Beastiary | 2 | |
14 total
» build order
00:02 Altar of Storms
00:05 War Mill
00:26 Barracks
01:13 Orc Burrow
01:50 Voodoo Lounge
02:22 Orc Burrow
03:38 Stronghold
04:35 Orc Burrow
04:55 Great Hall
06:50 Fortress
10:10 War Mill
13:03 Tauren Totem
17:46 Beastiary
17:48 Beastiary
» items
| Lesser Clarity Potion | 3 | |
| Healing Salve | 4 | |
| Potion of Mana | 6 | |
| Scroll of Town Portal | 4 | |
| Orb of Lightning | 1 | |
| Potion of Healing | 8 | |
26 total
Jjgu (
teal | 93 APM | 1847 actions | 19:54)
3 Dreadlord
1 Vampiric Aura
2 Carrion Swarm
2 Death Knight
1 Death Coil
1 Unholy Aura
» actions
| Assign group hotkey | 42 | |
| Basic commands | 61 | |
| Build / train | 55 | |
| Enter build submenu | 16 | |
| Enter hero's abilities submenu | 5 | |
| Remove unit from queue | 1 | |
| Right click | 1072 | |
| Select / deselect | 266 | |
| Select group hotkey | 292 | |
| Use ability | 37 | |
1847 total
» units
| Acolyte | 7 | |
| Ghoul | 14 | |
| Abomination | 15 | |
36 total
» upgrades
| Unholy Armor | 3 | |
| Disease Cloud | 1 | |
| Unholy Strength | 1 | |
5 total
» buildings
| Crypt | 1 | |
| Ziggurat | 6 | |
| Altar of Darkness | 1 | |
| Tomb of Relics | 1 | |
| Nerubian Tower | 1 | |
| Graveyard | 1 | |
| Halls of the Dead | 1 | |
| Black Citadel | 1 | |
| Slaughterhouse | 3 | |
16 total
» build order
00:08 Crypt
00:14 Ziggurat
00:34 Altar of Darkness
01:07 Ziggurat
01:23 Tomb of Relics
01:59 Nerubian Tower
02:06 Graveyard
02:48 Ziggurat
04:02 Halls of the Dead
04:14 Ziggurat
05:51 Ziggurat
06:23 Black Citadel
06:26 Slaughterhouse
06:28 Slaughterhouse
10:22 Ziggurat
17:50 Slaughterhouse
» items
Vortec (
pink | 151 APM | 2918 actions | 19:17)
5 Mountain King
3 Storm Bolt
2 Bash
3 Paladin
2 Holy Light
1 Divine Shield
» actions
| Assign group hotkey | 50 | |
| Basic commands | 66 | |
| Build / train | 75 | |
| Enter build submenu | 30 | |
| Enter hero's abilities submenu | 8 | |
| Give item / drop item | 5 | |
| Right click | 1125 | |
| Select / deselect | 280 | |
| Select group hotkey | 1187 | |
| Use ability | 92 | |
2918 total
» units
| Peasant | 14 | |
| Rifleman | 15 | |
| Mortar Team | 5 | |
34 total
» upgrades
| Armor | 3 | |
| Gunpowder | 3 | |
| Lumber Harvesting | 2 | |
| Long Rifles | 1 | |
9 total
» buildings
| Farm | 14 | |
| Altar of Kings | 1 | |
| Arcane Vault | 2 | |
| Blacksmith | 3 | |
| Barracks | 2 | |
| Scout Tower | 3 | |
| Arcane Tower | 2 | |
| Town Hall | 1 | |
| Lumber Mill | 1 | |
| Keep | 2 | |
| Guard Tower | 1 | |
| Castle | 1 | |
| Workshop | 2 | |
35 total
» build order
00:20 Farm
00:22 Altar of Kings
01:11 Farm
01:16 Arcane Vault
01:52 Blacksmith
01:54 Blacksmith
02:00 Blacksmith
02:04 Farm
02:23 Barracks
02:56 Farm
03:14 Scout Tower
03:22 Farm
03:52 Arcane Tower
03:55 Scout Tower
04:31 Town Hall
05:44 Farm
05:55 Lumber Mill
06:47 Keep
06:47 Keep
06:53 Scout Tower
06:56 Arcane Tower
07:48 Farm
07:49 Guard Tower
08:06 Farm
08:24 Farm
08:29 Barracks
08:38 Farm
08:53 Farm
09:11 Castle
09:17 Workshop
09:19 Workshop
09:23 Farm
09:34 Farm
10:55 Farm
16:14 Arcane Vault
» items
| Lesser Clarity Potion | 3 | |
| Scroll of Regeneration | 4 | |
| Scroll of Town Portal | 4 | |
| Potion of Healing | 1 | |
| Staff of Sanctuary | 2 | |
| Orb of Fire | 1 | |
15 total

»
CordellWalker (
purple | 75 APM | 1513 actions | 20:14)
4 Priestess of the Moon
2 Searing Arrows
2 Trueshot Aura
» actions
| Assign group hotkey | 13 | |
| Basic commands | 60 | |
| Build / train | 110 | |
| Enter build submenu | 23 | |
| Enter hero's abilities submenu | 4 | |
| Remove unit from queue | 6 | |
| Right click | 728 | |
| Select / deselect | 355 | |
| Select group hotkey | 163 | |
| Use ability | 51 | |
1513 total
» units
| Wisp | 37 | |
| Archer | 4 | |
| Huntress | 2 | |
| Dryad | 10 | |
| Hippogryph | 19 | |
| Druid of the Talon | 1 | |
| Mountain Giant | 1 | |
| Druid of the Claw | 10 | |
| Rifleman | 2 | |
86 total
» upgrades
| Strength of the Wild | 3 | |
| Reinforced Hides | 2 | |
| Abolish Magic | 1 | |
| Druid of the Claw Training | 2 | |
| Mark of the Claw | 1 | |
9 total
» buildings
| Moon Well | 6 | |
| Altar of Elders | 1 | |
| Ancient of War | 2 | |
| Hunter's Hall | 1 | |
| Ancient of Wonders | 2 | |
| Tree of Ages | 1 | |
| Tree of Life | 3 | |
| Ancient of Lore | 2 | |
| Ancient of Wind | 4 | |
| Tree of Eternity | 1 | |
23 total
» build order
00:12 Moon Well
00:19 Altar of Elders
01:31 Ancient of War
01:34 Ancient of War
02:06 Hunter's Hall
02:11 Moon Well
03:11 Moon Well
03:15 Ancient of Wonders
04:14 Tree of Ages
04:28 Tree of Life
05:22 Moon Well
06:18 Moon Well
06:36 Ancient of Lore
06:42 Ancient of Lore
06:49 Ancient of Wind
07:07 Ancient of Wind
09:13 Moon Well
11:52 Tree of Eternity
13:09 Tree of Life
15:49 Ancient of Wonders
16:12 Tree of Life
17:49 Ancient of Wind
17:51 Ancient of Wind
Chat log
(00:13 / Allies) DanielCormier: oh shit my mill placement
(00:43 / Allies) DanielCormier: gonna be a gay game
(00:55 / Allies) Jjgu: abom
(01:01 / Allies) DanielCormier: :)
(01:06 / Allies) CordellWalker: how is 8 guys playhing warcraft not gay AS IT IS
(01:15 / Allies) DanielCormier: its just wc man
(01:18 / Allies) CordellWalker: hahaha
(01:19 / Allies) DanielCormier: nothin gay
(01:25 / Allies) CordellWalker: u sure?
(01:28 / Allies) CordellWalker: lil ghey
(01:39 / Allies) DanielCormier: this is an advanced hh build
(01:48 / Allies) CordellWalker: ooo lets see
(01:53 / Allies) CordellWalker: we got one of each rave
(01:56 / Allies) CordellWalker: race
(01:58 / Allies) CordellWalker: we should rape
(03:18 / Allies) DanielCormier: were u srs about aboms
(03:23 / Allies) Jjgu: yes
(03:28 / Allies) DanielCormier: ok
(03:55 / Allies) DanielCormier: u sure
(03:59 / Allies) Jjgu: ye
(05:37 / Allies) DanielCormier: so they buffed aboms huh
(06:14 / Allies) DanielCormier: fuck this map too
(09:46 / Allies) DanielCormier: just b
(11:46 / Allies) CordellWalker: im ouuuuut
(12:28 / Allies) Vortec: b
(13:21 / Allies) CordellWalker: omwb lue
(14:03 / Allies) CordellWalker: here
(14:03 / Allies) CordellWalker: tp
(14:03 / Allies) CordellWalker: to me
(15:29 / Allies) Jjgu: can we counter
(15:57 / Allies) CordellWalker: buyin tp
(15:59 / Allies) CordellWalker: illl catch yup
(16:37 / Allies) CordellWalker: niiiice
(17:37 / Allies) Vortec: b
(19:29 / All) CordellWalker: GG